 Dungeon Crawl Stone Soup version 0.21.1-1-g345015fe64 (webtiles) character file.

130 Loge the Magician (level 4, 0/24 HPs)
             Began as a Deep Elf Fire Elementalist on July 18, 2018.
             Slain by Purgy (1 damage)
             ... in a sewer.
             The game lasted 00:06:49 (1662 turns).

Loge the Magician (Deep Elf Fire Elementalist)      Turns: 1662, Time: 00:06:50

Health: 0/24       AC:  3    Str:  5    XL:     4   Next: 89%
Magic:  9/12       EV: 13    Int: 21    God:
Gold:   175        SH:  0    Dex: 15    Spells: 1/11 levels left

rFire    . . .     SeeInvis .   a - +0 dagger
rCold    . . .     Gourm    .   (no shield)
rNeg     . . .     Faith    .   l - +0 robe
rPois    .         Spirit   .   (no helmet)
rElec    .         Reflect  .   (no cloak)
rCorr    .         Harm     .   s - +0 pair of gloves
MR       .....                  (no boots)
Stlth    ++........             (no amulet)
HPRegen  0.08/turn              (no ring)
MPRegen  0.13/turn              (no ring)

@: no status effects
A: no striking features
a: no special abilities


You were in a sewer.
You were not hungry.

You visited 1 branch of the dungeon, and saw 3 of its levels.
You also visited: Sewer.

You collected 175 gold pieces.

Inventory:

Hand Weapons
 a - a +0 dagger (weapon)
Missiles
 n - 24 poisoned needles
 p - 2 needles of confusion
Armour
 l - a +0 robe (worn)
 s - a +0 pair of gloves (worn)
Magical Staves
 r - an uncursed staff of cold
Jewellery
 d - a +3 ring of strength {unknown}
Scrolls
 e - a scroll of enchant armour {unknown}
 g - 3 scrolls of fear {unknown}
 h - 3 scrolls of teleportation {unknown}
 i - 4 scrolls of identify {unknown}
 j - a scroll of immolation {unknown}
 m - a scroll of enchant weapon {unknown}
 t - a scroll of remove curse {unknown}
Potions
 f - 2 potions of heal wounds {unknown}
 k - a potion of curing {unknown}
 o - a potion of brilliance {unknown}
 q - a potion of mutation {unknown}
 u - a potion of ambrosia {unknown}
 v - a potion of lignification {unknown}
Books
 b - a book of Flames

   Spells                             Type                      Level
   a - Flame Tongue                   Conjuration/Fire             1
   b - Throw Flame                    Conjuration/Fire             2
   c - Conjure Flame                  Conjuration/Fire             3
   d - Inner Flame                    Hexes/Fire                   3
   e - Sticky Flame                   Conjuration/Fire             4
   f - Fireball                       Conjuration/Fire             5
Comestibles
 c - 7 rations
 w - 5 chunks of flesh


   Skills:
 - Level 2.4 Dodging
 - Level 2.4 Stealth
 + Level 4.2 Spellcasting
 * Level 3.8 Conjurations
 + Level 4.2 Fire Magic


You had one spell level left.
You knew the following spells:

 Your Spells              Type           Power        Failure   Level  Hunger
a - Flame Tongue          Conj/Fire      ###..        2%          1    None
b - Throw Flame           Conj/Fire      ###...       3%          2    #......
c - Conjure Flame         Conj/Fire      ###.....     7%          3    ###....
d - Sticky Flame          Conj/Fire      ###.....     22%         4    ####...


Dungeon Overview and Level Annotations

Branches:
Dungeon (3/15)

Altars:

Annotations:
Sewer Purgy


Message History

Casting: Flame Tongue
Confirm with . or Enter, or press ? or * to list all spells.
Aiming: Flame Tongue
Press: ? - help, Shift-Dir - straight line, f/p - Purgy
Aim: Purgy (moderately wounded)
The flame tongue misses Purgy.
Purgy bites you! Purgy barely misses you. x2
Casting: Flame Tongue
Confirm with . or Enter, or press ? or * to list all spells.
Aiming: Flame Tongue
Press: ? - help, Shift-Dir - straight line, f/p - Purgy
Aim: Purgy (lightly wounded)
The flame tongue hits Purgy.
Purgy is heavily wounded.
Purgy bites you! Purgy claws you.
* * * LOW HITPOINT WARNING * * *
Purgy closely misses you. Purgy bites you.
* * * LOW HITPOINT WARNING * * *
Purgy barely misses you. Purgy claws you.
You die...

######### #.##?##.#
#.##.##.#
#+##T##'##'##+##+##+#
######....@..............##
≈≈≈≈≈#≈≈≈≈≈≈≈≈≈.≈≈≈≈≈≈≈≈≈#≈
≈≈≈≈≈#≈≈≈≈≈≈≈≈≈∩≈≈≈≈≈≈≈≈≈#≈
≈≈≈≈≈#≈≈≈≈≈≈≈≈≈.≈≈≈≈≈≈≈≈≈#≈
######...................#
#'##'##'##.##'##'##'#
#.##.##.##.##.##.##.#
#.##(##.##∩##!##.##.#
#####################


You could see Purgy.

Vanquished Creatures
  Jessica (D:2)
  An adder (D:3)
  4 gnolls (D:3)
  A dart slug (D:1)
  3 leopard geckos (D:3)
  A ball python (D:2)
  7 bats
  3 giant cockroaches
  6 goblins
  6 hobgoblins
  2 jackals (D:1)
  5 kobolds
  2 quokkas
  2 frilled lizards
  5 rats
49 creatures vanquished.

Notes
Turn   | Place    | Note
-------+----------+-------------------------------------------
     0 | D:1      | Loge the Deep Elf Fire Elementalist began the quest for the Orb.
     0 | D:1      | Reached XP level 1. HP: 10/10 MP: 6/6
   194 | D:1      | Reached XP level 2. HP: 15/15 MP: 4/8
   216 | D:1      | Learned a level 2 spell: Throw Flame
   726 | D:2      | Reached XP level 3. HP: 19/19 MP: 6/10
   734 | D:2      | Learned a level 3 spell: Conjure Flame
  1067 | D:2      | Noticed Jessica
  1070 | D:2      | Killed Jessica
  1200 | D:3      | Reached XP level 4. HP: 24/24 MP: 0/11
  1274 | D:3      | Learned a level 4 spell: Sticky Flame
  1544 | D:3      | Found a glowing drain.
  1572 | Sewer    | Entered a sewer
  1658 | Sewer    | Noticed Purgy
  1662 | Sewer    | HP: 1/24 [Purgy (5)]
  1662 | Sewer    | Slain by Purgy

Skill      XL: |  1  2  3  4 |
---------------+-------------+-----
Conjurations   | 2 3 |  3.8
Spellcasting   | 4 |  4.2
Fire Magic     | 4 |  4.2
Dodging        | |  2.4
Stealth        | |  2.4

Action                   |  1- 3 |  4- 6 || total
-------------------------+-------+-------++-------
 Cast: Flame Tongue      |    35 |    25 ||    60
       Throw Flame       |    18 |     4 ||    22
       Conjure Flame     |     1 |     1 ||     2
  Eat: Chunk             |     1 |     2 ||     3
Armor: Robe              |     2 |     4 ||     6
Dodge: Dodged            |     5 |     7 ||    12
